 Dungeon Crawl Stone Soup version 0.18-a0-1721-gc4d1f22 (webtiles) character file.

116 achirane the Cudgeler (level 5, -5/32 HPs)
             Began as a Gargoyle Fighter on Apr 9, 2016.
             Slain by achirane's ghost (6 damage)
             ... on level 3 of the Dungeon.
             The game lasted 00:07:30 (2050 turns).

achirane the Cudgeler (Gargoyle Fighter)            Turns: 2050, Time: 00:07:31

Health: -5/32      AC: 10    Str: 25    XL:     5   Next: 1%
Magic:  14/14      EV:  7    Int:  8    God:
Gold:   89         SH:  9    Dex: 10    Spells: 0 memorised, 4 levels left

rFire  . . .     SeeInvis +     a - +0 flail
rCold  . . .     Gourm    .     b - +0 scale mail
rNeg   + . .     Faith    .     c - +0 shield
rPois  ∞         Spirit   .     (no helmet)
rElec  +         Dismiss  .     (no cloak)
rCorr  .         Reflect  .     (no gloves)
SustAt .         Harm     .     (no boots)
MR     .....                    (no amulet)
Stlth  ..........               s - ring of see invisible {sInv, !d}
                                l - ring of magical power {MP+9}

@: mighty, not resistant to hostile enchantments, extremely unstealthy
A: negative energy resistance 1, electricity resistance, unbreathing,
petrification resistance, rot immunity, AC +4
a: no special abilities


You were on level 3 of the Dungeon.
You were not hungry.

You visited 1 branch of the dungeon, and saw 3 of its levels.

You collected 89 gold pieces.

Inventory:

Hand Weapons
 a - a +0 flail (weapon)
 p - a +0 hunting sling
   (You found it on level 2 of the Dungeon)
Missiles
 g - 15 sling bullets
 h - 59 stones
 t - 2 tomahawks (quivered)
Armour
 b - a +0 scale mail (worn)
 c - a +0 shield (worn)
Jewellery
 l - a ring of magical power (left hand) {MP+9}
   (You found it on level 2 of the Dungeon)
 s - a ring of see invisible (right hand) {sInv, !d}
   (You found it on level 2 of the Dungeon)
Scrolls
 i - 3 scrolls of identify {unknown}
 j - a scroll of fear {unknown}
 m - 2 scrolls of teleportation {unknown}
 o - a scroll of enchant armour {unknown}
 r - a scroll of random uselessness {unknown}
 u - a scroll of remove curse {unknown}
Potions
 d - a potion of might
 e - a potion of curing {unknown}
 n - a potion of heal wounds {unknown}
Comestibles
 f - 3 bread rations {@e1}
 k - a meat ration {@e2}
 q - 3 chunks of flesh {@w0}


   Skills:
 - Level 3.2 Fighting
 + Level 5.0 Maces & Flails
 - Level 3.2 Armour
 - Level 3.2 Shields


You had 4 spell levels left.
You didn't know any spells.

Dungeon Overview and Level Annotations

Branches:
Dungeon (3/15)

Altars:

Annotations:
D:3 achirane's ghost, amateur GrFi


Innate Abilities, Weirdness & Mutations

You are resistant to torment.
Your stone body is resilient (AC +4).
You are immune to poison.
You resist negative energy.
You are resistant to electric shocks.
You can survive without breathing.
You are immune to petrification.
You are immune to rotting.


Message History

Firing (i - inventory. (,) - cycle):
g - 10 sling bullets (quivered)
Press: ? - help, Shift-Dir - straight line, f/p - hobgoblin
Aim: a hobgoblin, wielding a club You shoot a sling bullet.
The sling bullet hits the hobgoblin.
The hobgoblin is heavily wounded.
Wield which item (- for none, * to show all)? (? for menu, Esc to quit)
a - a +0 flail (weapon)
You sock the hobgoblin!
You kill the hobgoblin!
Wield which item (- for none, * to show all)? (? for menu, Esc to quit)
p - a +0 hunting sling (weapon)
The kobold shouts!
A kobold is nearby!
Health restored: 28 Wield which item (- for none, * to show all)? (? for menu, Esc to quit)
a - a +0 flail (weapon)
The kobold hits you but does no damage.
Your shield and scale mail prevent you from hitting the kobold.
You block the kobold's attack. The kobold hits you but does no damage.
You closely miss the kobold. The kobold hits you but does no damage.
You hit the kobold but do no damage. The kobold barely misses you.
You thump the kobold!
You kill the kobold!
You block the ooze's attack.
You hit the ooze.
The ooze is moderately wounded.
The ooze barely misses you.
You sock the ooze!
The ooze is almost dead.
The ooze hits you but does no damage.
Your shield prevents you from hitting the ooze.
The ooze is almost dead.
You block the ooze's attack. The ooze hits you but does no damage.
You hit the ooze but do no damage.
The ooze is almost dead.
You block the ooze's attack.
You hit the ooze but do no damage.
The ooze is almost dead.
The ooze barely misses you.
You hit the ooze but do no damage.
The ooze is almost dead.
The ooze hits you but does no damage.
You sock the ooze!
You kill the ooze!
Your Maces & Flails skill increases to level 5!
You have reached level 5!
Health restored: 32; MP restored: 14
Things that are here:
a short sword; a kobold corpse
g - 11 sling bullets (gained 2)
g - 12 sling bullets (gained 1)
g - 13 sling bullets (gained 1)
g - 14 sling bullets (gained 1)
g - 15 sling bullets (gained 1)
u - a scroll labeled ROSONIZYWA
h - 33 stones (gained 8)
Found 26 stones.
Found a stone staircase leading down.
You see here 26 stones.
h - 59 stones (gained 26)
You block the giant newt's attack.
You hit the giant newt.
You kill the giant newt!
Found a stone staircase leading down.
There is a stone staircase leading down here.
You see here a spear.
You now have 89 gold pieces (gained 12).
Achirane's ghost turns its malevolent gaze towards you.
Achirane's ghost shrieks, "You will join me soon!"
You see here a spear.
Wield which item (- for none, * to show all)? (? for menu, Esc to quit)
You are already wielding that!
Throwing (i - inventory. (,) - cycle):
t - 4 tomahawks (quivered)
Press: ? - help, Shift-Dir - straight line, f - achirane's ghost
Aim: achirane's ghost You throw a tomahawk.
The tomahawk hits achirane's ghost but does no damage.
Throwing (i - inventory. (,) - cycle):
t - 3 tomahawks (quivered)
Press: ? - help, Shift-Dir - straight line, f/p - achirane's ghost
Aim: achirane's ghost You throw a tomahawk.
The tomahawk hits achirane's ghost but does no damage.
Drink which item? (? for menu, Esc to quit)
You feel very mighty all of a sudden.
You hit achirane's ghost but do no damage.
Achirane's ghost hits you!
You take 10 damage, and have 22/32 hp.
MASSIVE DAMAGE!!
You thump achirane's ghost!
Achirane's ghost is moderately damaged.
Achirane's ghost whispers, "Trust me.
Just give in."
Achirane's ghost hits you!
You take 11 damage, and have 11/32 hp.
MASSIVE DAMAGE!!
You sock achirane's ghost!
Achirane's ghost is severely damaged.
Achirane's ghost hits you!
* * * LOW HITPOINT WARNING * * *
You take 10 damage, and have 1/32 hp.
MASSIVE DAMAGE!!
You hit achirane's ghost.
Achirane's ghost is severely damaged.
Achirane's ghost hits you.
You die...

#.# ........ #########.#######
..............
.......W.>................W......
#.W######.#####.##...............
##......#.# ................
######.#.# ............... #.#.##
##..............
#....#######.>.............
##...((..W@................
#......#######...............
#.......# #.........#.....
#.###.#.# #.........###### #.
#.#.# ##.......####### # #.#..
##......##..... ......
###...........# ## ##.
................ ####............


You could see achirane's ghost.

Vanquished Creatures
  5 adders
  2 oozes
  A worm (D:2)
  3 dart slugs
  A ball python (D:1)
  9 bats
  6 giant cockroaches
  6 goblins
  3 hobgoblins
  4 jackals (D:1)
  6 kobolds
  A giant newt (D:3)
  4 rats (D:2)
51 creatures vanquished.

Notes
Turn   | Place    | Note
--------------------------------------------------------------
     0 | D:1      | achirane the Gargoyle Fighter began the quest for the Orb.
     0 | D:1      | Reached XP level 1. HP: 14/14 MP: 1/1
    69 | D:1      | Reached XP level 2. HP: 17/19 MP: 2/2
   151 | D:1      | Reached skill level 3 in Maces & Flails
   802 | D:1      | Reached XP level 3. HP: 23/23 MP: 3/3
  1085 | D:2      | Reached skill level 4 in Maces & Flails
  1205 | D:2      | Reached XP level 4. HP: 28/28 MP: 4/4
  1829 | D:3      | Noticed achirane's ghost (amateur GrFi)
  1927 | D:3      | Reached skill level 5 in Maces & Flails
  1927 | D:3      | Reached XP level 5. HP: 32/32 MP: 5/5
  2049 | D:3      | HP: 1/32 [achirane's ghost (11)]
  2050 | D:3      | Slain by achirane's ghost

Vault maps used:
D:1:      tarquinn_simple_flora_water_d, serial_co_window_serial,
          co_window_paths_b, co_window_of_opportunity_a, co_window_paths_a,
          co_window_paths_b, co_window_paths_a, co_window_unsneaky_path_d,
          co_window_unsneaky_path_c, co_window_2corner, co_window_corner_ca,
          co_window_4corner_b, co_window_paths_e, glass_columns_c
D:2:      minmay_misc_feat_hallway
D:3:      minitemple, kennysheep_cross_bottleneck

Skill      XL: |  1  2  3  4 |
---------------+-------------+-----
Maces & Flails | 3 4 5 |  5.0
Fighting       | |  3.2
Armour         | |  3.2
Shields        | |  3.2

Action                   |  1- 3 |  4- 6 || total
-------------------------+-------+-------++-------
Melee: Flail             |   125 |    76 ||   201
 Fire: Hunting sling     |       |    12 ||    12
Throw: Stone             |    29 |     3 ||    32
       Tomahawk          |       |     2 ||     2
  Use: Potion            |       |     1 ||     1
  Eat: Chunk             |     1 |     3 ||     4

Vault maps used:
D:1:      tarquinn_simple_flora_water_d, serial_co_window_serial,
          co_window_paths_b, co_window_of_opportunity_a, co_window_paths_a,
          co_window_paths_b, co_window_paths_a, co_window_unsneaky_path_d,
          co_window_unsneaky_path_c, co_window_2corner, co_window_corner_ca,
          co_window_4corner_b, co_window_paths_e, glass_columns_c
D:2:      minmay_misc_feat_hallway
D:3:      minitemple, kennysheep_cross_bottleneck

Table legend:
 A = Turns spent in this place as a percentage of turns spent in the entire game.
 B = Non-inter-level travel turns spent in this place as a percentage of non-inter-level travel turns spent in the entire game.
 C = Inter-level travel turns spent in this place as a percentage of turns spent in this place.
 D = Turns resting spent in this place as a percentage of non-inter-level travel turns spent in this place.
 E = Turns spent auto-exploring this place as a percentage of non-inter-level travel turns spent in this place.
 F = Non-inter-level travel turns spent in this place divided by the number of levels of this place that you've seen.
                   A       B       C       D       E      F
               +-------+-------+-------+-------+-------+----------------------
         Total | 100.0 | 100.0 |   0.5 |   0.0 |   7.1 | 214.7
       Dungeon | 100.0 | 100.0 |   0.5 |   0.0 |   7.1 | 214.7
               +-------+-------+-------+-------+-------+----------------------

Table legend:
 A = Kills in this place as a percentage of kills in entire the game.
 B = Kills by you in this place as a percentage of kills by you in the entire game.
 C = Kills by friends in this place as a percentage of kills by friends in the entire game.
 D = Other kills in this place as a percentage of other kills in the entire game.
 E = Experience gained in this place as a percentage of experience gained in the entire game.
 F = Experience gained in this place divided by the number of levels of this place that you have seen.
                   A       B       C       D       E      F
               +-------+-------+-------+-------+-------+----------------------
         Total | 100.0 | 100.0 |  -nan |  -nan | 100.0 |  55.7
       Dungeon | 100.0 | 100.0 |  -nan |  -nan | 100.0 |  55.7
               +-------+-------+-------+-------+-------+----------------------
